[Event "5th Ordu Open 2019"]
[Site "Ordu"]
[Date "2019.05.04"]
[Round "8.13"]
[White "Caymaz, Umit Oguz"]
[Black "Dikilitas, Beren"]
[Result "1/2-1/2"]
[ECO "E90"]
[WhiteElo "1442"]
[BlackElo "1364"]
[Annotator "NA"]
[PlyCount "49"]
[EventDate "2019.04.29"]
[EventType "swiss"]
[EventCountry "TUR"]
[SourceTitle "playchess.com"]
[Source "ChessBase"]
[SourceQuality "1"]
[TimeControl "5400+30"]

1. c4 g6 2. d4 Bg7 3. Nf3 Nf6 4. Nc3 O-O 5. e4 d6 6. h3 e5 7. dxe5 dxe5 8. Bg5 c6 9. Qc2 Qc7 10. Bd3 Na6 11. a3 Nc5 12. O-O Nh5 13. b4 Ne6 14. h4 Nhf4 15. Rfd1 h6 16. Bxf4 Nxf4 17. Bf1 Bg4 18. Ne2 Bxf3 19. gxf3 Qe7 20. c5 Qxh4 21. Rd6 Qg5+ 22. Ng3 Nh5 23. Qc1 Qh4 24. Nxh5 gxh5 25. Bc4 1/2-1/2

[Event "5th Ordu Open 2019"]
[Site "Ordu"]
[Date "2019.05.05"]
[Round "9.10"]
[White "Elashvili, Giorgi"]
[Black "Akbas, Umut Ata"]
[Result "1/2-1/2"]
[ECO "A36"]
[WhiteElo "1833"]
[BlackElo "1916"]
[Annotator "NA RC"]
[PlyCount "26"]
[EventDate "2019.04.29"]
[EventType "swiss"]
[EventCountry "TUR"]
[SourceTitle "playchess.com"]
[Source "ChessBase"]
[SourceQuality "1"]
[TimeControl "5400+30"]

1. e4 c5 2. c4 Nc6 3. Nc3 g6 4. g3 Bg7 5. Bg2 d6 6. d3 e6 7. Nge2 Nge7 8. O-O O-O 9. Rb1 b6 10. Be3 Bb7 11. d4 Rc8 $14 12. b3 e5 13. dxc5 dxc5 1/2-1/2

[Event "5th Ordu Open 2019"]
[Site "Ordu"]
[Date "2019.05.05"]
[Round "9.11"]
[White "Serestian, Arman"]
[Black "Kurdas, Halil Ibrahim"]
[Result "1-0"]
[ECO "D02"]
[WhiteElo "1991"]
[BlackElo "1903"]
[Annotator "NA RC"]
[PlyCount "121"]
[EventDate "2019.04.29"]
[EventType "swiss"]
[EventCountry "TUR"]
[SourceTitle "playchess.com"]
[Source "ChessBase"]
[SourceQuality "1"]
[TimeControl "5400+30"]

1. d4 d5 2. Nf3 Nf6 3. e3 e6 4. Nbd2 a6 (4... b6 5. b3 Bb7 6. Bb2 Nbd7 7. Bd3 Be7 8. O-O O-O 9. c4 c5 10. cxd5 Nxd5 11. Rc1 Rc8 12. Nc4 N5f6 13. Qe2 cxd4 14. Bxd4 Nc5 15. Bb1 Qd5 16. Rfd1 Qh5 17. Bxf6 Bxf6 18. Nd6 Bxf3 19. Qxf3 Qxf3 20. gxf3 {½-½ (80) Mamedyarov,S (2817)-Wang,H (2730) St Petersburg 2018}) 5. b3 c5 6. Bb2 {[%emt 0:00:00] D02: 1 d4 d5 2 Nf3 sidelines, including 2...Nf6 3 g3 and 2...Nf6 3 Bf4} Nc6 7. a3 b5 8. dxc5 $146 ({Predecessor:} 8. Ne5 Nxe5 9. dxe5 Nd7 10. a4 b4 11. e4 Bb7 12. exd5 exd5 13. Bd3 Qc7 14. Qe2 Qc6 15. f4 Be7 16. O-O O-O-O 17. Rae1 Rde8 18. Qg4 h5 19. Qh3 Bd8 20. Bf5 Rh6 {1-0 (20) Tosic,M (2421)-Cretnik,U (2214) Belgrade 2014}) 8... Bxc5 9. Rc1 Qe7 10. c4 bxc4 11. bxc4 Bd7 12. cxd5 exd5 13. Be2 Bxa3 14. Bxa3 Qxa3 15. O-O O-O 16. Ra1 Qd6 17. Bxa6 Ne5 18. Nxe5 Qxe5 19. Nf3 Qd6 20. Be2 Ne4 21. Qd4 Nc5 22. Rxa8 Rxa8 23. Rd1 Be6 24. Qh4 h6 25. g4 Ra4 $11 26. Nd4 Ne4 27. Bd3 Ng5 28. Kg2 Ra2 29. Qg3 Qxg3+ 30. Kxg3 Ra3 31. Bc2 Rc3 32. Rb1 Nh7 33. Rb8+ Rc8 34. Bxh7+ Kxh7 35. Rb7 Rc3 36. Re7 Kg8 37. Re8+ Kh7 38. Nxe6 fxe6 39. Rxe6 d4 40. h4 Kg8 41. Kf4 dxe3 42. fxe3 Kf7 43. Re5 Rc4+ 44. e4 Rc1 45. Ra5 Rf1+ 46. Ke5 Rg1 47. Ra7+ Kg8 48. Kf5 Rf1+ 49. Ke5 Rg1 50. g5 hxg5 51. hxg5 Rxg5+ 52. Kd6 Rg1 53. e5 Rd1+ 54. Ke7 g5 55. Kf6 Rg1 56. e6 g4 57. e7 Re1 58. Ra8+ Kh7 59. e8=Q Rxe8 60. Rxe8 g3 61. Re7+ 1-0

[Event "5th Ordu Open 2019"]
[Site "Ordu"]
[Date "2019.05.05"]
[Round "9.12"]
[White "Dikilitas, Beren"]
[Black "Bolkvadze, Tedo"]
[Result "0-1"]
[ECO "C07"]
[WhiteElo "1364"]
[BlackElo "1588"]
[Annotator "NA RC"]
[PlyCount "108"]
[EventDate "2019.04.29"]
[EventType "swiss"]
[EventCountry "TUR"]
[SourceTitle "playchess.com"]
[Source "ChessBase"]
[SourceQuality "1"]
[TimeControl "5400+30"]

1. e4 e6 2. d4 d5 3. Nd2 c5 4. exd5 Qxd5 5. dxc5 Bxc5 6. Ngf3 Nf6 7. Bc4 Qh5 8. Qe2 O-O 9. O-O Nc6 10. c3 e5 11. Ne4 Nxe4 12. Qxe4 Bd6 13. Rd1 Bc7 14. h3 Bf5 15. Qh4 Qg6 16. Qg5 Rad8 17. Be3 h6 18. Qxg6 Bxg6 19. Bc5 Rfe8 20. b4 Bc2 21. Rxd8 Rxd8 22. Ne1 Be4 23. Bb3 b6 24. Be3 Ne7 25. f3 Bc6 26. Bf2 Bd5 27. c4 Be6 28. Bh4 g5 29. Bf2 Nc6 30. Nc2 Rd3 31. Rb1 Bf5 32. Ba4 Rd2 33. Rc1 Nd4 34. Nxd4 exd4 35. Bb3 d3 36. Rd1 Rxd1+ 37. Bxd1 Be6 38. Bb3 b5 39. Bxa7 bxc4 40. Bd1 c3 41. a4 c2 42. Bxc2 dxc2 43. Be3 Bf4 44. Bxf4 gxf4 45. b5 c1=Q+ 46. Kh2 Qa3 47. b6 Qxa4 48. b7 Qb5 49. h4 Qxb7 50. h5 Kg7 51. g3 Qb2+ 52. Kg1 fxg3 53. f4 Qf2+ 54. Kh1 Bd5# 0-1

[Event "5th Ordu Open 2019"]
[Site "Ordu"]
[Date "2019.05.05"]
[Round "9.13"]
[White "Aydin, Aytac"]
[Black "Sahinkaya, Dogus"]
[Result "0-1"]
[ECO "E11"]
[WhiteElo "1473"]
[BlackElo "1518"]
[Annotator "NA RC"]
[PlyCount "97"]
[EventDate "2019.04.29"]
[EventType "swiss"]
[EventCountry "TUR"]
[SourceTitle "playchess.com"]
[Source "ChessBase"]
[SourceQuality "1"]
[TimeControl "5400+30"]

1. d4 Nf6 2. Nf3 d5 3. c4 e6 4. g3 Bb4+ 5. Bd2 Be7 6. Bg2 O-O 7. O-O Nc6 8. Qc2 Ne4 9. Rd1 Bf6 10. Be3 Qe7 11. Nbd2 Nb4 12. Qb3 dxc4 13. Nxc4 Nd5 14. Bd2 c5 15. Nfe5 Nxd2 16. Rxd2 cxd4 17. Rxd4 Bxe5 18. Nxe5 Qf6 19. Nf3 Rb8 20. Rad1 b6 21. e4 Ne7 22. e5 Qh6 23. Rd8 Bb7 24. Rxf8+ Rxf8 25. Rd7 Qc1+ 26. Qd1 Qxd1+ 27. Rxd1 Bd5 28. Ng5 Rc8 29. Bxd5 Nxd5 30. Rd2 a5 31. Nh3 h6 32. f4 Rc4 33. Nf2 Rc1+ 34. Kg2 b5 35. Nd1 Rxd1 36. Rxd1 Ne3+ 37. Kf3 Nxd1 38. b3 Kf8 39. g4 Ke7 40. a3 Nc3 41. Ke3 b4 42. axb4 axb4 43. Kd3 Kd7 44. f5 Kc6 45. Kc4 Nd5 46. fxe6 fxe6 47. h3 g5 48. Kd4 Kb5 49. Ke4 0-1

[Event "5th Ordu Open 2019"]
[Site "Ordu"]
[Date "2019.05.05"]
[Round "9.14"]
[White "Kvikvinia, Teimuraz"]
[Black "Haciyusufoglu, Cagri"]
[Result "1-0"]
[ECO "B33"]
[WhiteElo "1592"]
[BlackElo "1563"]
[Annotator "NA RC"]
[PlyCount "87"]
[EventDate "2019.04.29"]
[EventType "swiss"]
[EventCountry "TUR"]
[SourceTitle "playchess.com"]
[Source "ChessBase"]
[SourceQuality "1"]
[TimeControl "5400+30"]

1. e4 c5 2. Nf3 Nc6 3. d4 cxd4 4. Nxd4 Nf6 5. Nc3 e5 6. Ndb5 d6 7. Bg5 a6 8. Na3 b5 9. Nd5 Be7 10. Bxf6 Bxf6 11. c3 Bg5 12. Nc2 Rb8 13. a4 bxa4 14. Ncb4 Nxb4 15. Nxb4 Rxb4 16. cxb4 Qb6 17. Qxa4+ Bd7 18. Qb3 Qd4 19. Bd3 Bb5 20. Bxb5+ axb5 21. O-O Qxe4 22. Rfd1 O-O 23. Rxd6 Be7 24. Rd5 Bxb4 25. Rxb5 Be7 26. Rb8 g6 27. Rxf8+ Kxf8 28. h3 Bc5 29. Rf1 Kg7 30. Qc3 Bd4 31. Qd2 Qb7 32. b4 Qb5 33. Rb1 Bc5 34. Qe1 Bd4 35. Qf1 Qb6 36. b5 Qa7 37. Rc1 h5 38. Rc6 Qa4 39. Rc7 Bb6 40. Rc6 Qd4 41. Qe2 e4 42. g3 Qa1+ 43. Kg2 Qd4 44. Qe3 1-0

[Event "5th Ordu Open 2019"]
[Site "Ordu"]
[Date "2019.05.05"]
[Round "9.16"]
[White "Didbaridze, Meri"]
[Black "Akbarpourmiri, Massoumeh"]
[Result "0-1"]
[ECO "A45"]
[WhiteElo "1200"]
[BlackElo "1247"]
[Annotator "NA"]
[PlyCount "116"]
[EventDate "2019.04.29"]
[EventType "swiss"]
[EventCountry "TUR"]
[SourceTitle "playchess.com"]
[Source "ChessBase"]
[SourceQuality "1"]
[TimeControl "5400+30"]

1. d4 Nf6 2. Bf4 g6 3. c3 Bg7 4. e3 d5 5. Nf3 O-O 6. Be2 Bf5 7. Nbd2 Nbd7 8. O-O c5 9. Ne5 Nxe5 10. Bxe5 Nd7 11. Bxg7 Kxg7 12. Nf3 c4 13. Nh4 Be6 14. Bg4 Bxg4 15. Qxg4 Nf6 16. Qe2 e6 17. Nf3 b5 18. Qc2 Qb6 19. a3 a5 20. Nd2 b4 21. h3 Rfb8 22. Rfb1 b3 23. Qd1 Qc6 24. Qe2 Re8 25. Re1 e5 26. Qf3 exd4 27. exd4 Rxe1+ 28. Rxe1 Re8 29. Re3 Rxe3 30. Qxe3 Qe6 31. Nf3 Qxe3 32. fxe3 Nd7 33. Nd2 f5 34. Kf2 Nb6 35. Kf3 Na4 36. Kf4 Kf6 37. Nb1 Nxb2 38. g3 Nd3+ 39. Kf3 Ne1+ 40. Ke2 Nc2 41. Kf3 h5 42. h4 g5 43. Kf2 a4 44. Ke2 Na1 45. Kf3 b2 46. Ke2 Nb3 47. Kd1 gxh4 48. gxh4 f4 49. Ke2 Kf5 50. Kf3 fxe3 51. Kxe3 Kg4 52. Kf2 Kxh4 53. Kf3 Kg5 54. Kg3 Kf5 55. Kf3 h4 56. Kg2 Ke4 57. Kh3 Kd3 58. Kxh4 Kc2 0-1

[Event "5th Ordu Open 2019"]
[Site "Ordu"]
[Date "2019.05.05"]
[Round "9.17"]
[White "Sariali, Engin"]
[Black "Sen, Kamil"]
[Result "0-1"]
[ECO "B90"]
[WhiteElo "1277"]
[BlackElo "1205"]
[Annotator "NA RC"]
[PlyCount "162"]
[EventDate "2019.04.29"]
[EventType "swiss"]
[EventCountry "TUR"]
[SourceTitle "playchess.com"]
[Source "ChessBase"]
[SourceQuality "1"]
[TimeControl "5400+30"]

1. e4 c5 2. Nf3 d6 3. d4 cxd4 4. Nxd4 Nf6 5. Nc3 a6 6. Bd3 Bd7 7. f4 Qc7 8. Nf3 Bg4 9. h3 Bxf3 10. Qxf3 Nbd7 11. g4 Ng8 12. g5 g6 13. Bd2 Bg7 14. h4 h5 15. O-O-O e6 16. Rhe1 Ne7 17. Qh3 Nc5 18. f5 Bf8 19. f6 Nc6 20. Bf4 Ne5 21. Bxe5 dxe5 22. Re3 Nd7 23. Bf1 Bc5 24. Red3 Nb6 25. Qh2 O-O 26. Ne2 Qb8 27. Ng3 Bd4 28. Be2 Rc8 29. Kb1 Nc4 30. c3 Be3 31. Nf1 Bf4 32. Qg1 b5 33. Bxh5 Qb7 34. Bf3 Qa7 35. Qg2 b4 36. h5 bxc3 37. Rxc3 Nxb2 38. Qxb2 Rxc3 39. Qxc3 Qb7+ 40. Qb3 Qc7 41. Ka1 Rb8 42. Qd3 Bxg5 43. hxg6 Bxf6 44. gxf7+ Kg7 45. Bg4 Rd8 46. f8=Q+ Kxf8 47. Qxd8+ Bxd8 48. Nd2 Qc3+ 49. Kb1 Qd3+ 50. Kb2 Ke7 51. Nb3 Qe3 52. Rd2 Bb6 53. Bd1 Bd4+ 54. Kb1 Qxe4+ 55. Bc2 Qe1+ 56. Rd1 Qc3 57. Nxd4 exd4 58. Rd3 Qc5 59. Bb3 e5 60. Rh3 Qa5 61. Rh7+ Kf6 62. Rh6+ Kg5 63. Re6 Kf4 64. Rf6+ Ke3 65. Rf5 d3 66. Kb2 Qd2+ 67. Ka3 Qc3 68. Ka4 a5 69. Kb5 e4 70. Rh5 Kf4 71. Rh4+ Kf3 72. Bd1+ Ke3 73. Bb3 Qb4+ 74. Kc6 d2 75. Rh3+ Kd4 76. Bd1 Qb1 77. Bb3 Qxb3 78. Rxb3 d1=Q 79. Kb5 Qc2 80. Ra3 Qc5+ 81. Ka4 Qb4# 0-1